AoeStats
← Ambro

Arena

509709276Analyzed
2v2 RM · 4d ago on Sep 27, 2026· 39m 5s· 4 players
Game mode
Random Map
Map size
Medium (4 player)
Population
200
Speed
Normal
Resources
Standard
Victory
Conquest
Starting age
Dark Age
Ending age
Imperial Age
RankedLock teamsTeams togetherTeam positionsShared explorationLock speedFull tech treeHidden civsTurbo modeCheats
Victory
Defeat
🇷🇺 Mongols · Russia
595
+17
🇷🇺 Sicilians · Russia
562
+17
🇺🇸 Berbers · United States
632
-18
🇬🇧 Franks · United Kingdom
586
-16
Ragnar Lothbrok
12:21 Feudal Age
13:04 Horse Collar
14:41 Double-Bit Axe
23:38 Castle Age
23:39 Forging
23:30 Scale Mail Armor
27:20 Iron Casting
27:01 Chain Mail Armor
33:29 Fletching
36:03 Bodkin Arrow
38:59 Ballistics
jesse.
10:41 Feudal Age
11:08 Double-Bit Axe
11:04 Horse Collar
12:01 Wheelbarrow
11:16 Town Watch
18:44 Gold Mining
20:55 Castle Age
19:38 Stone Mining
22:11 Bow Saw
22:41 Scale Mail Armor
22:32 Pikeman
23:14 Squires
23:52 Chain Mail Armor
23:54 Heavy Plow
26:21 Caravan
28:04 Hand Cart
30:08 Forging
36:12 Imperial Age
34:05 Murder Holes
34:34 Ballistics
34:41 Padded Archer Armor
34:35 Fletching
35:55 Gold Shaft Mining
36:04 Bodkin Arrow
36:24 Masonry
37:24 Conscription
37:19 Thumb Ring
38:01 Parthian Tactics
38:24 Bracer
39:48 Chemistry
39:12 Padded Archer Armor
Ambro
0:28 Loom
11:11 Feudal Age
11:37 Horse Collar
11:54 Double-Bit Axe
17:47 Gold Mining
20:49 Castle Age
19:53 Bloodlines
21:28 Wheelbarrow
20:56 Fletching
21:44 Padded Archer Armor
23:20 Leather Archer Armor
23:01 Bodkin Arrow
23:57 Heavy Plow
25:15 Husbandry
24:37 Light Cavalry
25:41 Fortified Wall
26:39 Bow Saw
29:59 Scale Barding Armor
30:05 Forging
30:13 Hand Cart
29:44 Town Watch
35:45 Chain Barding Armor
35:54 Ballistics
35:41 Caravan
KnightsTemplar
13:01 Feudal Age
16:18 Loom
19:28 Castle Age
18:11 Stone Mining
18:13 Gold Mining
19:56 Scale Barding Armor
21:05 Forging
20:57 Double-Bit Axe
23:08 Wheelbarrow
24:07 Bow Saw
25:18 Iron Casting
25:04 Chain Barding Armor
26:03 Chain Barding Armor
26:02 Town Watch
26:35 Pikeman
27:02 Arson
27:18 Squires
28:45 Hand Cart
28:30 Town Patrol
31:18 Ordonnance Companies
35:14 Husbandry
Connection lost

Rejoining the realm…

Still unreachable

The connection could not be restored.

Session expired

The server has moved on; the page needs a fresh start.